 Dungeon Crawl Stone Soup version 0.30-a0-359-gd0147acb1a (webtiles) character file.

Game seed: 15588476737733216275

1136 arthad the Ducker (level 8, -4/61 HPs)
             Began as a Djinni Fire Elementalist on Nov 12, 2022.
             Slain by a black bear (5 damage)
             ... on level 4 of the Dungeon.
             The game lasted 00:20:54 (3542 turns).

arthad the Ducker (Djinni Fire Elementalist)        Turns: 3542, Time: 00:20:55

Health: -4/61      AC:  7    Str: 11    XL:     8   Next: 63%
Gold:   169        EV: 14    Int: 21    God:
                   SH:  0    Dex: 15

rFire   + . .      SeeInvis .    h - +1 short sword (freeze)
rCold   . . .      Faith    .    (no shield)
rNeg    . . .      Spirit   .    r - +3 leather armour {rPois}
rPois   ∞          Reflect  .    (helmet restricted)
rElec   +          Harm     .    t - +0 cloak
rCorr   .          Rampage  .    (no gloves)
Will    .....                    (boots unavailable)
Stlth   +++.......               (no amulet)
HPRegen 0.30/turn                d - ring "Axkeokk" {Ice rElec Str+4 Int+3}
MPRegen 0.00/turn                (no ring)

@: flying
A: sickness immunity, fire resistance 2, cold vulnerability 1, float, innate
caster, HP casting, extra vitality 1, horns 1, robust 1
a: no special abilities


You were on level 4 of the Dungeon.
You visited 1 branch of the dungeon, and saw 4 of its levels.
You also visited: Ossuary.

You collected 169 gold pieces.

Inventory:

Hand Weapons
 h - a +1 short sword of freezing (weapon)
 p - a +1 short sword of venom
 s - a +4 quarterstaff of chaos
Missiles
 j - 14 poisoned darts
Armour
 a - a +0 robe
 r - a +3 leather armour of poison resistance (worn)
 t - a +0 cloak (worn)
Jewellery
 d - the ring "Axkeokk" (left hand) {Ice rElec Str+4 Int+3}
   (You found it on level 4 of the Dungeon)

   [ring of ice]

   It enhances your ice magic.
   Str:       It affects your strength (+4).
   Int:       It affects your intelligence (+3).
   rF:        It makes you vulnerable to fire.
   rC:        It protects you from cold.
   rElec:     It insulates you from electricity.
Wands
 q - a wand of flame (27)
Scrolls
 b - 5 scrolls of identify
 c - a scroll of fear {unknown}
 e - a scroll of acquirement {unknown}
 i - 2 scrolls of blinking {unknown}
 u - 3 scrolls of amnesia {unknown}
 v - a scroll of enchant armour {unknown}
 w - a scroll of magic mapping
 y - a scroll of noise {unknown}
 z - a scroll of vulnerability {unknown}
 A - 2 scrolls of silence {unknown}
 C - a scroll of teleportation {unknown}
Potions
 g - a potion of berserk rage
 k - a potion of haste
 n - 3 potions of attraction
 x - a potion of degeneration {unknown}
 B - a potion of brilliance


   Skills:
 + Level 3.0 Fighting
 + Level 2.0 Armour
 * Level 5.8 Dodging
 * Level 4.7 Stealth
 * Level 4.5 Spellcasting


You couldn't memorise any spells.
You knew the following spells:

 Your Spells              Type           Power      Damage    Failure   Level
a - Foxfire               Conj/Fire      96%        2x1d8     2%          1
b - Scorch                Fire           48%        2d7       3%          2
c - Kindle Blastsparks    Fire/Tloc/Air  48%        2d14      7%          3
d - Inner Flame           Hex/Fire       24%        N/A       7%          3
e - Flame Wave            Conj/Fire      24%        2d8       22%         4
f - Apportation           Tloc           48%        N/A       2%          1
g - Blink                 Tloc           48%        N/A       3%          2
h - Wereblood             Tmut           24%        N/A       3%          2
Your spell library was empty.

Dungeon Overview and Level Annotations

Branches:
Dungeon (4/15)            Ossuary (visited)
 Temple: D:4-7

Altars:
Yredelemnul


Innate Abilities, Weirdness & Mutations

You are immune to sickness and miasma.
You are immune to poison.
Your flesh is very heat resistant. (rF++)
You are vulnerable to cold. (rC-)
You float through the air rather than walking.
You learn spells naturally, not from books.
Your magical power is your life essence.
You have superior vitality. (+4 MHP)
You have a pair of small horns on your head.
You are robust. (+10% HP)


Message History

Confirm with . or Enter, or press ? or * to list all spells.
Flames lash the orc.
The orc is moderately wounded.
The orc's fire resistance burns away.
The black bear bites you but does no damage.
The black bear claws you. The black bear misses you.
Casting: Scorch (safe; 3% risk of failure)
Confirm with . or Enter, or press ? or * to list all spells.
You conjure some foxfire!
A hobgoblin comes into view.
The foxfire hits the orc.
The orc is burned terribly!
You kill the orc!
The black bear bites you. The black bear claws you.
The black bear claws you but does no damage.
Casting: Foxfire (safe; 2% risk of failure)
Confirm with . or Enter, or press ? or * to list all spells.
Flames lash the black bear.
The black bear is almost dead.
The black bear's fire resistance burns away.
* * * LOW HITPOINT WARNING * * *
The foxfire hits the black bear.
The black bear is burned terribly!
The black bear is almost dead.
The black bear goes berserk!
Unknown command.
Casting: Scorch (safe; 3% risk of failure)
Confirm with . or Enter, or press ? or * to list all spells.
You conjure some foxfire!
* * * LOW HITPOINT WARNING * * *
The black bear bites you!
* * * LOW HITPOINT WARNING * * *
The black bear claws you.
* * * LOW HITPOINT WARNING * * *
The black bear claws you.
* * * LOW HITPOINT WARNING * * *
Unknown command.
The black bear attacks as you move away!
The black bear completely misses you. The black bear claws you.
* * * LOW HITPOINT WARNING * * *
The black bear claws you.
You die...

,,,,,,....#......................
,,,,,,....#...#...........†.###.#
*,,,,,........#......#.....## #..
*,*,*,#.........###.####...# ###
*,,,*,#.............# #...# #
***,,,......).).###.####...# #
*,,,,....)................# #
*,,,,.....#.##hv###.###...# *
*,,,,.#.###.*#.@.#*.#,....# *
******#.,......v.g.#..,*,,,*
*,,,,,.,,.....##...#,,**,,,* **
,,,,,,,,,....#*###...,,*********,
********,....*****#...,,,,,,,,,,,
,,,,,,,*,...,,,,,,,....#********,
,,,,,,,*,#.********,...# **
,,,,,,,*,*,* **#### ,,,_,,,*,*,*


You could see a black bear (berserk, combustible, ally target) and a hobgoblin.

Vanquished Creatures
  Sigmund (D:2)
  8 elf zombies (Ossuary)
  2 centaur zombies (Ossuary)
  An orc priest (D:4)
  2 human zombies (Ossuary)
  A hound (D:3)
  Crazy Yiuf (D:3)
  An orc wizard (D:3)
  Ijyb (D:3)
  3 mummies (Ossuary)
  2 adders
  A worm (D:2)
  2 dart slugs
  7 orcs
  6 bats
  9 endoplasms
  6 giant cockroaches
  7 hobgoblins
  11 jackals (D:3)
  13 kobolds
  2 quokkas
  11 ball pythons
  4 frilled lizards
  7 goblins
  5 rats
114 creatures vanquished.

Vanquished Creatures (collateral kills)
  A foxfire (D:1)
1 creature vanquished.

Vanquished Creatures (others)
  266 foxfires
  A fungus (D:4)
267 creatures vanquished.

Grand Total: 382 creatures vanquished

Notes
Turn   | Place    | Note
-------+----------+-------------------------------------------
     0 | D:1      | arthad the Djinni Fire Elementalist began the quest for the
                  | Orb.
     0 | D:1      | arthad set off with the following spells memorised:
                  | Foxfire, Scorch, Kindle Blastsparks, Inner Flame, Flame
                  | Wave.
     0 | D:1      | Reached XP level 1. HP: 15/15 MP: 0/0
   121 | D:1      | Reached XP level 2. HP: 19/21 MP: 0/0
   400 | D:1      | Reached XP level 3. HP: 25/25 MP: 0/0
   400 | D:1      | Learned a level 1 spell: Apportation
   802 | D:1      | Found a faded altar of an unknown god.
  1124 | D:2      | Reached skill level 3 in Dodging
  1139 | D:2      | Reached XP level 4. HP: 29/31 MP: 0/0
  1309 | D:2      | Noticed Sigmund
  1320 | D:2      | Killed Sigmund
  1321 | D:2      | Reached skill level 1 in Fighting
  1321 | D:2      | Reached XP level 5. HP: 22/37 MP: 0/0
  1321 | D:2      | Learned a level 2 spell: Blink
  1321 | D:2      | Reached XP level 6. HP: 25/42 MP: 0/0
  1527 | D:3      | Reached skill level 4 in Dodging
  1560 | D:3      | Noticed Ijyb
  1568 | D:3      | Killed Ijyb
  1682 | D:3      | Found a runed translucent door.
  1684 | D:3      | Noticed Crazy Yiuf
  1690 | D:3      | Killed Crazy Yiuf
  1970 | D:3      | Found a basalt altar of Yredelemnul.
  2207 | D:3      | HP: 2/64 [spore (14)]
  2375 | D:3      | Reached XP level 7. HP: 46/48 MP: 0/0
  2375 | D:3      | Learned a level 2 spell: Wereblood
  2677 | D:4      | Found a sand-covered staircase.
  2682 | Ossuary  | Entered an ossuary
  2766 | Ossuary  | Gained mutation: You are robust. (+10% HP) [potion of
                  | mutation]
  2766 | Ossuary  | Gained mutation: You have a pair of small horns on your
                  | head. [potion of mutation]
  2789 | Ossuary  | Reached skill level 1 in Armour
  2790 | Ossuary  | HP: 2/79 [elf zombie (4)]
  2799 | Ossuary  | Reached skill level 5 in Dodging
  3021 | Ossuary  | Reached XP level 8. HP: 48/60 MP: 0/0
  3512 | D:4      | Identified the ring "Axkeokk" {Ice rElec Str+4 Int+3}
  3541 | D:4      | HP: 2/61 [black bear (3)]
  3542 | D:4      | Slain by a black bear

Illustrated notes

Levels and vault maps discovered:
D:1:      saegor_arrival_simple_d, layout_basic,
          shapermc_ecumenical_altar_hornbeckon
D:2:      layout_rooms, uniq_sigmund
D:3:      minmay_chambers_of_twos, layout_loops_ring,
          mainiacjoe_overflow_alcove_2, minmay_misc_feat_plants,
          uniq_crazy_yiuf_cottage, uniq_ijyb
D:4:      layout_rooms, lemuel_tele_altar,
          nicolae_ossuary_entry_false_entrances, minmay_misc_feat_more_columns,
          dreamdust_mushroom_princess, uniq_duvessa

Skill      XL: |  1  2  3  4  5  6  7  8 |
---------------+-------------------------+-----
Stealth        | 2 3 4 |  4.7
Dodging        | 3 4 5 |  5.8
Fighting       | 1 2 3 |  3.0
Spellcasting   | 3 4 |  4.5
Armour         | 1 2 |  2.0

Action                   |  1- 3 |  4- 6 |  7- 9 || total
-------------------------+-------+-------+-------++-------
Melee: Unarmed           |    11 |       |       ||    11
       Punch             |     1 |       |     1 ||     2
       Short sword       |    20 |     5 |    25 ||    50
       Headbutt          |       |       |     5 ||     5
 Cast: Foxfire           |    51 |    28 |    85 ||   164
       Scorch            |       |    23 |    33 ||    56
       Kindle Blastspark |       |     2 |     5 ||     7
       Inner Flame       |       |     1 |       ||     1
       Blink             |       |       |     1 ||     1
  Use: Potion            |       |     1 |     8 ||     9
       Scroll            |       |       |     2 ||     2
Armor: Robe              |    10 |     1 |       ||    11
       Leather armour    |       |     8 |    29 ||    37
       Skin              |       |       |    13 ||    13
Dodge: Dodged            |    24 |    20 |    43 ||    87

Table legend: (Time is in decaauts)
 A = Elapsed time spent in this place.
 B = Non-inter-level travel time spent in this place.
 C = Inter-level travel time spent in this place.
 D = Time resting spent in this place.
 E = Time spent auto-exploring this place.
 F = Levels seen in this place.
 G = Mean time per level.
                   A        B        C        D        E       F      G
               +--------+--------+--------+--------+--------+-----+--------+
         Total |   3550 |   3513 |     37 |    522 |   2238 |   5 |  710.0 |
       Dungeon |   2803 |   2766 |     37 |    139 |   2082 |   4 |  700.8 |
       Ossuary |    746 |    746 |      0 |    383 |    156 |   1 |  746.0 |
               +--------+--------+--------+--------+--------+-----+--------+

Top non-repeatable levels by time:
     D:3: 1124 daAuts
     D:1: 987 daAuts
 Ossuary: 746 daAuts
     D:2: 530 daAuts
     D:4: 161 daAuts
